 Dungeon Crawl Stone Soup version 0.23.0 (webtiles) character file.

Game seed: 12222076934275327720

1556 wolfsongas the Fighter (level 8, -3/62 HPs)
             Began as an Octopode Fighter on Feb 15, 2019.
             Was an Initiate of Gozag.
             Killed by divine providence
             ... invoked by an orc priest
              (14 damage)
             ... on level 6 of the Dungeon.
             The game lasted 00:12:28 (5633 turns).

wolfsongas the Fighter (Octopode Fighter)           Turns: 5633, Time: 00:12:30

Health: -3/62      AC:  8    Str: 16 (17) XL:     8   Next: 88%
Magic:  8/8        EV: 20    Int:  9 (10) God:    Gozag
Gold:   833        SH:  0    Dex: 16 (17) Spells: 7/7 levels left

rFire    . . .     SeeInvis .   k - +0 dire flail (protect)
rCold    . . .     Gourm    .   (shield currently unavailable)
rNeg     . . .     Faith    .   (helmet restricted)
rPois    .         Spirit   .   (no amulet)
rElec    .         Reflect  .   q - ring of protection from magic
rCorr    .         Harm     .   (no ring)
MR       +....                  (no ring)
Stlth    +++++.....             (no ring)
HPRegen  0.20/turn              (no ring)
MPRegen  0.11/turn              (no ring)
                                (no ring)
                                (no ring)

@: agile, gold aura, protection aura, very slightly contaminated, invisible
A: almost no armour, stealthy swim, amphibious, 8 rings, constrict 8, camouflage
1, gelatinous body 1
a: Potion Petition, Call Merchant, Bribe Branch, Renounce Religion


You were on level 6 of the Dungeon.
You worshipped Gozag.
Gozag was pleased with you.
You were not hungry.

You visited 1 branch of the dungeon, and saw 6 of its levels.

You collected 1005 gold pieces.
You spent 161 gold pieces at shops.
You paid 11 gold pieces to Gozag.

Inventory:

Hand Weapons
 h - a +0 flail of crushing
 i - a +4 hunting sling of flaming
 k - a +0 dire flail of protection (weapon)
Missiles
 e - 202 stones
 f - 54 poisoned needles
 g - 15 sling bullets (quivered)
Armour
 b - a +4 shield
Jewellery
 q - a ring of protection from magic (left tentacle)
Wands
 n - a wand of digging (2)
Scrolls
 c - a scroll of fear
 j - 2 scrolls of teleportation
 r - 3 scrolls of remove curse
Potions
 a - a potion of brilliance
 l - 3 potions of curing
 o - a potion of flight
 p - a potion of lignification
Comestibles
 d - 9 rations


   Skills:
 * Level 8.3 Fighting
 + Level 4.9 Maces & Flails
 - Level 0.8 Slings
 - Level 3.4 Dodging
 - Level 6.1 Stealth
 + Level 4.5 Shields


You had 7 spell levels left.
You didn't know any spells.
Your spell library was empty.

Dungeon Overview and Level Annotations

Branches:
Dungeon (6/15)
 Temple: D:4-7

Altars:
Fedhas
Gozag
Kikubaaqudgha
Makhleb
Nemelex Xobeh
Sif Muna
Trog
Xom
Zin

Shops:
D:5 [   D:6 (


Innate Abilities, Weirdness & Mutations

You cannot wear most types of armour.
You are very stealthy in the water. (Stealth+)
You are amphibious.
You can wear up to eight rings at the same time.
You can use your tentacles to constrict eight enemies at once.
Your skin changes colour to match your surroundings (Stealth+).
Your rubbery body absorbs attacks. (AC +1, EV +1)


Message History

The orc closely misses you.
You catch the helpless orc completely off-guard!
You puncture the orc!
You kill the orc!
The orc priest misses you.
Things that are here:
5 gold pieces; a +0 mace You hit the orc priest but do no damage.
You grab the orc priest. You squeeze the orc priest.
The orc priest is moderately wounded.
You constrict the orc priest, but do no damage.
The orc priest mumbles some strange prayers to Beogh against you.
You resist with some effort.
You barely miss the orc priest.
The orc priest is moderately wounded.
You constrict the orc priest.
The orc priest mumbles some strange prayers to Beogh against you.
Beogh smites you!
You die...
Your body crumbles into a pile of gold.

### #o..# .<# #...# ##
#.# #...# ##.##.# #...#
...... #...#
..#.#######...######
#.#.................
..####.#.#...............
........@o...............
#.##.#.########....#.###.
... #....#.# #. #.##
#....#.# #. #.
##....#.###. #
#........##. #..[.....##.
#.....#..### ##........#


You could see an orc priest.

Vanquished Creatures
  Grinder (D:3)
  Sigmund (D:3)
  A sky beast (D:6)
  3 ogres
  3 bullfrogs
  A wyvern skeleton (D:6)
  An orc priest (D:5)
  4 orc wizards
  Jessica (D:3)
  Natasha (D:2)
  An iguana (D:5)
  4 worker ants
  A howler monkey zombie (D:6)
  5 adders
  7 gnolls
  A shadow imp (D:5)
  2 oozes
  An adder skeleton (D:6)
  7 worms
  5 leopard geckos
  22 orcs
  11 giant cockroaches
  15 goblins
  12 hobgoblins
  6 jackals
  7 kobolds
  6 quokkas
  A ball python (D:5)
  11 bats
  4 frilled lizards
  A jackal zombie (D:5)
  2 quokka skeletons
  11 rats
160 creatures vanquished.

Notes
Turn   | Place    | Note
-------+----------+-------------------------------------------
     0 | D:1      | wolfsongas the Octopode Fighter began the quest for the
                  | Orb.
     0 | D:1      | Reached XP level 1. HP: 16/16 MP: 1/1
   212 | D:1      | Reached XP level 2. HP: 21/21 MP: 2/2
   361 | D:1      | Reached XP level 3. HP: 26/26 MP: 3/3
  1040 | D:2      | Found an opulent altar of Gozag.
  1066 | D:2      | Became a worshipper of Gozag Ym Sagoz the Greedy
  1091 | D:2      | Reached XP level 4. HP: 33/33 MP: 4/4
  1162 | D:2      | Reached skill level 1 in Stealth
  1379 | D:2      | Noticed Natasha
  1390 | D:2      | Killed Natasha
  1390 | D:2      | Reached skill level 4 in Fighting
  1602 | D:3      | Noticed Sigmund
  1616 | D:3      | Killed Sigmund
  1616 | D:3      | Reached skill level 5 in Fighting
  1616 | D:3      | Reached XP level 5. HP: 26/39 MP: 5/5
  1616 | D:3      | Reached XP level 6. HP: 30/45 MP: 6/6
  1795 | D:3      | Found a glowing silver altar of Zin.
  1949 | D:3      | Noticed Jessica
  1955 | D:3      | Killed Jessica
  2200 | D:3      | Reached skill level 5 in Stealth
  2263 | D:3      | Reached XP level 7. HP: 51/51 MP: 7/7
  2274 | D:3      | Reached skill level 6 in Fighting
  2384 | D:3      | Noticed Grinder
  2389 | D:3      | Killed Grinder
  2857 | D:3      | Found an ancient bone altar of Kikubaaqudgha.
  2858 | D:3      | Found a blossoming altar of Fedhas.
  3279 | D:4      | Reached skill level 7 in Fighting
  3895 | D:5      | Entered Level 5 of the Dungeon
  3988 | D:4      | Reached XP level 8. HP: 45/60 MP: 8/8
  4791 | D:5      | Found a bloodstained altar of Trog.
  4858 | D:5      | Found Riudix's Armour Emporium.
  4935 | D:6      | Found a shimmering altar of Xom.
  4935 | D:6      | Found a sparkling altar of Nemelex Xobeh.
  4935 | D:6      | Found a burning altar of Makhleb.
  4935 | D:6      | Found a deep blue altar of Sif Muna.
  4998 | D:6      | Reached skill level 8 in Fighting
  5280 | D:6      | Found Gucwuhaa's Antique Weapon Shop.
  5283 | D:6      | Bought a glowing dire flail for 161 gold pieces
  5633 | D:6      | Killed from afar by an orc priest

Skill      XL: |  1  2  3  4  5  6  7  8 |
---------------+-------------------------+-----
Stealth        | 4 5 6 |  6.1
Fighting       | 5 7 8 |  8.3
Maces & Flails | 4 |  4.9
Shields        | 4 |  4.5
Slings         | |  0.8
Dodging        | |  3.4

Action                   |  1- 3 |  4- 6 |  7- 9 || total
-------------------------+-------+-------+-------++-------
Melee: Flail             |    55 |    77 |   116 ||   248
       Constrict         |    20 |    22 |    34 ||    76
       Tentacles         |    13 |    16 |    40 ||    69
       Dire flail        |       |       |    34 ||    34
 Fire: Hunting sling     |    20 |    32 |    43 ||    95
  Use: Potion            |     1 |     1 |     9 ||    11
       Scroll            |     4 |     8 |     4 ||    16
 Stab: Sleeping          |     3 |     8 |    13 ||    24
       Distracted        |       |       |     1 ||     1
       Invisible         |       |       |     1 ||     1
  Eat: Ration            |     1 |     1 |     3 ||     5
Armor: Skin              |     5 |     3 |    10 ||    18
Dodge: Dodged            |    35 |    29 |    73 ||   137
Block: Shield            |    28 |    48 |    86 ||   162
